 Dungeon Crawl Stone Soup version 0.25-a0-842-g81a31cfd23 (webtiles) character file.

Game seed: 8375007949303370576, levelgen mode: deterministic

27214 Maedhros the Immaculate (level 13, -2/77 HPs)
             Began as an Octopode Fighter on Apr 24, 2020.
             Was a High Priest of Zin.
             Slain by an orc knight
             ... wielding a +0 vorpal battleaxe
              (5 damage)
             ... while paralysed by an orc sorcerer
             ... on level 2 of the Orcish Mines.
             The game lasted 00:32:23 (18210 turns).

Maedhros the Immaculate (Octopode Fighter)         Turns: 18210, Time: 00:32:24

Health: -2/77      AC:  3    Str: 20    XL:     13   Next: 31%
Magic:  31/31      EV:  2    Int: 14    God:    Zin [*****.]
Gold:   672        SH:  0    Dex: 20    Spells: 8/12 levels left

rFire    . . .     SeeInvis .   G - +4 eveningstar (vorpal)
rCold    + . .     Gourm    .   b - +3 kite shield
rNeg     . . .     Faith    .   (helmet restricted)
rPois    ∞         Spirit   .   o - amulet of rage
rElec    .         Reflect  .   x - +2 ring of evasion
rCorr    .         Harm     .   m - ring of protection from cold
MR       .....                  C - ring of wizardry
Stlth    ++++......             u - +2 ring of protection
HPRegen  0.22/turn              l - ring of magical power
MPRegen  0.22/turn              (no ring)
                                (no ring)
                                (no ring)

@: paralysed, vitalised
A: almost no armour, stealthy swim, amphibious, 8 rings, constrict 8, camouflage
2, frail 1, gelatinous body 1
a: Recite, Vitalisation, Imprison, Sanctuary, Donate Gold, Renounce Religion,
Evoke Berserk Rage


You were on level 2 of the Orcish Mines.
You worshipped Zin.
Zin was extremely pleased with you.
You were not hungry.

You visited 2 branches of the dungeon, and saw 15 of its levels.
You also visited: Ossuary.

You collected 866 gold pieces.
You spent 120 gold pieces at shops.
You donated 74 gold pieces to Zin.

Inventory:

Hand Weapons
 a - a +0 trident
 g - a +1 spear of freezing
 G - a +4 vorpal eveningstar (weapon)
Missiles
 F - 8 throwing nets (quivered)
Armour
 b - a +3 kite shield (worn)
Jewellery
 l - a ring of magical power (on tentacle)
 m - a ring of protection from cold (right tentacle)
 o - an amulet of rage (around mantle)
 u - a +2 ring of protection (on tentacle)
 x - a +2 ring of evasion (left tentacle)
 A - an uncursed amulet of faith
 C - a ring of wizardry (on tentacle)
 E - an uncursed ring of teleportation
 J - an uncursed amulet of the gourmand
Wands
 p - a wand of flame (6)
 z - a wand of iceblast (2)
 B - a wand of acid (3)
Scrolls
 e - 6 scrolls of remove curse
 i - a scroll of teleportation
 j - 2 scrolls of amnesia
 k - 3 scrolls of identify
 n - 4 scrolls of immolation
 q - 3 scrolls of summoning
 v - a scroll of silence
 y - 4 scrolls of fog
 I - a scroll of magic mapping
Potions
 c - 4 potions of might
 f - a potion of brilliance
 h - a potion of invisibility
 r - 2 potions of resistance
 s - 4 potions of stabbing
 t - 2 potions of haste
 D - a potion of curing
Comestibles
 d - 6 rations


   Skills:
 - Level 7.5 Fighting
 * Level 7.5 Maces & Flails
 - Level 9.9 Polearms
 - Level 7.7 Dodging
 - Level 10.2 Shields
 * Level 1.0 Summonings
 * Level 1.1 Air Magic
 * Level 13.1 Invocations


You had 8 spell levels left.
You knew the following spells:

 Your Spells              Type           Power        Failure   Level  Hunger
a - Summon Lightning Spi  Summ/Air       #.......     77%         4    #####..

Your spell library contained the following spells:

 Spells                   Type           Power        Failure   Level  Hunger
 Summon Small Mammal      Summ           #...         14%         1    ##.....
 Call Imp                 Summ           #.......     21%         2    ###....
 Poisonous Vapours        Pois/Air       #.....       26%         2    ###....
 Call Canine Familiar     Summ           #.......     38%         3    ####...
 Mephitic Cloud           Conj/Pois/Air  #.......     45%         3    ####...
 Summon Guardian Golem    Hex/Summ       #.......     45%         3    ####...
 Conjure Flame            Conj/Fire      #.......     52%         3    ####...
 Summon Ice Beast         Ice/Summ       #.......     83%         4    #####..
 Freezing Cloud           Conj/Ice/Air   #.........   100%        6    #######
 Ring of Flames           Chrm/Fire      #.........   100%        7    #######


Dungeon Overview and Level Annotations

Branches:
Dungeon (13/15)            Temple (0/1) D:5            Lair (0/6) D:9
    Orc (2/2) D:11        Ossuary (visited)
    Elf: Orc:2       Vaults: D:13-14

Altars:
Ashenzari
Dithmenos
Fedhas
Gozag
Hepliaklqana
Kikubaaqudgha
Nemelex Xobeh
Okawaru
Qazlal
Ru
Trog
Wu Jian
Zin
The Shining One

Shops:
D:4 [[%==

Annotations:
D:8 exclusion: electric eel


Innate Abilities, Weirdness & Mutations

You cannot wear most types of armour.
You are very stealthy in the water. (Stealth+)
You are amphibious.
You can wear up to eight rings at the same time.
You can use your tentacles to constrict eight enemies at once.
Your skin blends seamlessly with your surroundings (Stealth++).
Your rubbery body absorbs attacks. (AC +1, EV +1)
You are frail. (-10% HP)


Message History

The orc sorcerer quails at your recitation.
You finish reciting Abominations 12:33.
You constrict the orc wizard.
You kill the orc wizard!
The orc sorcerer gestures at you while chanting.
You suddenly lose the ability to move!
The orc knight shoots a bolt.
The bolt barely misses you.
The orc knight shoots a bolt.
The bolt barely misses you.
The orc priest calls down the wrath of Beogh upon you.
Beogh smites you!
The cyclops is lost in a daze.
The orc priest calls down the wrath of Beogh upon you.
Beogh smites you!
An ogre comes into view. It is wielding a +0 giant spiked club.
The orc knight unwields a +0 arbalest.
The orc knight wields a +0 vorpal battleaxe.
The orc knight hits you with a +0 vorpal battleaxe!!
* * * LOW HITPOINT WARNING * * *
x2 The orc knight hits you with a +0 vorpal battleaxe!
* * * LOW HITPOINT WARNING * * *
You die...

#......#..#....
#..............
#.$............
#..........o...
#...$..........
#....oo.)).(...
#......).o.....
#.....C@o..$...
#.....)).......
...............
..(.<.......$..
........$......
..O...$........
...............
...............


You could see an orc knight, a cyclops (dazed), an orc sorcerer, an ogre, an orc
priest, an orc wizard (paralysed) and an orc (mad).

Vanquished Creatures
  Harold (D:7)
  A hydra (D:12)
  A death yak (D:8)
  5 two-headed ogres
  An orc high priest (D:11)
  2 skeletal warriors (D:13)
  An orc sorcerer (Orc:1)
  3 ugly things
  A deep elf mage (D:13)
  2 cyclopes
  3 polar bears (D:8)
  3 trolls
  4 hippogriffs
  A shadow (D:12)
  Sigmund (D:2)
  A wyvern (D:11)
  17 yaks
  A hog (shapeshifter) (D:13)
  2 basilisks
  A hungry ghost (D:10)
  4 hogs (D:7)
  A human (D:7)
  4 vampire mosquitoes (D:12)
  2 wargs (Orc:1)
  2 soldier ants (D:11)
  2 water moccasins
  16 orc warriors
  4 porcupines (D:9)
  3 ice beasts
  A phantom (D:7)
  3 sky beasts
  A black bear (D:6)
  6 centaurs
  11 ogres
  4 crocodiles
  2 big kobolds
  4 bullfrogs
  A wyvern skeleton (D:10)
  4 scorpions
  14 killer bees
  11 wights
  A howler monkey (D:2)
  3 bullfrog zombies
  6 crimson imps
  2 quasits (D:11)
  2 jellies
  19 orc priests
  Crazy Yiuf (D:3)
  2 centaur zombies
  4 bullfrog skeletons
  A gnoll shaman (D:7)
  4 hounds
  8 centaur skeletons
  6 iguanas
  Natasha (thrice) (D:2)
  16 orc wizards
  11 worker ants
  A killer bee zombie (D:9)
  7 big kobold zombies (Ossuary)
  3 hound zombies (D:6)
  A hound skeleton (D:4)
  2 mummies
  A worker ant zombie (D:6)
  7 gnolls (D:7)
  14 adders
  3 shadow imps
  2 white imps (D:8)
  2 oozes (D:1)
  An adder zombie (D:6)
  3 worms (D:3)
  2 dart slugs
  6 leopard geckos
  76 orcs
  4 spectral bats (Ossuary)
  6 bats
  10 giant cockroaches
  5 gnoll zombies (Ossuary)
  3 hobgoblins (D:2)
  6 jackals
  17 kobolds
  A quokka (D:4)
  A ball python (D:6)
  A bat simulacrum (Ossuary)
  3 frilled lizards
  12 goblins
  6 goblin simulacra (Ossuary)
  9 goblin zombies
  6 hobgoblin zombies
  A jackal skeleton (D:6)
  A jackal zombie (D:6)
  2 kobold simulacra (Ossuary)
  2 kobold zombies (Ossuary)
  A leopard gecko skeleton (D:7)
  3 orc zombies (Ossuary)
  A quokka skeleton (D:6)
  A quokka zombie (D:6)
  4 rats
  4 rat simulacra (Ossuary)
  2 spectral goblins (Ossuary)
  5 spectral rats (Ossuary)
489 creatures vanquished.

Vanquished Creatures (others)
  A human (D:6)
  A centaur (D:9)
  An orc wizard (Orc:2)
  2 bushes (D:9)
  4 fungi (D:9)
  12 plants (D:9)
21 creatures vanquished.

Grand Total: 510 creatures vanquished

Notes
Turn   | Place    | Note
-------+----------+-------------------------------------------
     0 | D:1      | Maedhros the Octopode Fighter began the quest for the Orb.
     0 | D:1      | Reached XP level 1. HP: 16/16 MP: 1/1
   128 | D:1      | Reached XP level 2. HP: 16/21 MP: 2/2
   428 | D:1      | Reached XP level 3. HP: 25/26 MP: 3/3
   842 | D:2      | Noticed Natasha
   846 | D:2      | Killed Natasha
   846 | D:2      | Reached XP level 4. HP: 20/31 MP: 4/4
  1105 | D:2      | Found a shadowy altar of Dithmenos.
  1206 | D:2      | Noticed Natasha
  1449 | D:2      | Killed Natasha
  1449 | D:2      | Reached XP level 5. HP: 27/36 MP: 5/5
  1583 | D:2      | Noticed Natasha
  1593 | D:2      | Killed Natasha
  1600 | D:2      | Found a sacrificial altar of Ru.
  1976 | D:2      | Noticed Sigmund
  1985 | D:2      | Killed Sigmund
  1985 | D:2      | Reached skill level 5 in Shields
  1985 | D:2      | Reached XP level 6. HP: 42/42 MP: 6/6
  1999 | D:2      | Reached skill level 5 in Polearms
  2020 | D:2      | Found a faded altar of an unknown god.
  2145 | D:4      | Reached XP level 7. HP: 31/46 MP: 7/7
  2156 | D:4      | Found a sand-covered staircase.
  2250 | Ossuary  | Entered an ossuary
  2947 | D:4      | Found Qamipon's Armour Shop.
  2984 | D:4      | Found Mehiuk's Armour Shop.
  3070 | D:4      | Found Vobyosh's Jewellery Boutique.
  3072 | D:4      | Bought a +2 ring of evasion for 120 gold pieces
  3076 | D:4      | Found Selueh's Food Shoppe.
  3080 | D:4      | Found Fugaseeff's Jewellery Shop.
  3169 | D:5      | Entered Level 5 of the Dungeon
  3185 | D:5      | Reached XP level 8. HP: 21/52 MP: 8/8
  3416 | D:5      | Found a hazy altar of Hepliaklqana.
  3932 | D:5      | Found an iron altar of Okawaru.
  4008 | D:6      | Found an opulent altar of Gozag.
  4008 | D:6      | Found a sparkling altar of Nemelex Xobeh.
  4008 | D:6      | Found a glowing golden altar of the Shining One.
  4008 | D:6      | Found a blossoming altar of Fedhas.
  4008 | D:6      | Found a stormy altar of Qazlal.
  4008 | D:6      | Found an ornate altar of the Wu Jian Council.
  4008 | D:6      | Found a shattered altar of Ashenzari.
  4008 | D:6      | Found a glowing silver altar of Zin.
  4023 | D:6      | Became a worshipper of Zin the Law-Giver
  4023 | D:6      | Reached * piety under Zin
  4321 | D:3      | Found a bloodstained altar of Trog.
  4446 | D:3      | Reached skill level 1 in Invocations
  4703 | D:3      | Found a runed translucent door.
  4704 | D:3      | Noticed Crazy Yiuf
  4736 | D:3      | Reached skill level 2 in Invocations
  4888 | D:3      | Killed Crazy Yiuf
  5011 | D:4      | Reached ** piety under Zin
  5241 | D:5      | Found a staircase to the Ecumenical Temple.
  5248 | D:5      | Reached skill level 3 in Invocations
  5289 | D:5      | Reached XP level 9. HP: 51/57 MP: 11/11
  5627 | D:6      | Found an ancient bone altar of Kikubaaqudgha.
  5786 | D:6      | Reached skill level 4 in Invocations
  6543 | D:7      | Reached skill level 5 in Invocations
  6571 | D:7      | Noticed Harold
  6589 | D:7      | Killed Harold
  6589 | D:7      | Reached skill level 5 in Dodging
  6589 | D:7      | Reached skill level 6 in Invocations
  6589 | D:7      | Reached XP level 10. HP: 50/65 MP: 12/14
  6716 | D:7      | Reached skill level 5 in Fighting
  7154 | D:7      | Reached *** piety under Zin
  7229 | D:7      | Reached skill level 7 in Invocations
  7400 | D:8      | Noticed a death yak
  7411 | D:8      | Killed a death yak
  7914 | D:8      | Reached skill level 8 in Invocations
  8061 | D:9      | Reached XP level 11. HP: 72/72 MP: 17/17
  8260 | D:9      | Reached **** piety under Zin
  8316 | D:9      | Reached skill level 9 in Invocations
  8928 | D:9      | Found a staircase to the Lair.
  9923 | D:10     | Entered Level 10 of the Dungeon
 10363 | D:10     | Noticed a two-headed ogre
 10432 | D:10     | Killed a two-headed ogre
 11317 | D:10     | Zin protects you from harm!
 11317 | D:10     | HP: 3/75 [something (7)]
 12155 | D:11     | Gained mutation: Your skin blends seamlessly with your
                  | surroundings (Stealth++). [potion of mutation]
 12155 | D:11     | Gained mutation: You are frail. (-10% HP) [potion of
                  | mutation]
 12161 | D:11     | Reached skill level 10 in Invocations
 13040 | D:11     | Reached skill level 10 in Shields
 13062 | D:11     | Found a staircase to the Orcish Mines.
 13368 | D:11     | Reached XP level 12. HP: 72/72 MP: 19/19
 13665 | D:12     | Noticed a seven-headed hydra
 13671 | D:12     | Killed a seven-headed hydra
 13733 | D:12     | Noticed a two-headed ogre
 13749 | D:12     | Killed a two-headed ogre
 13819 | D:12     | Reached ***** piety under Zin
 13848 | D:12     | Reached skill level 1 in Maces & Flails
 13858 | D:12     | Reached skill level 11 in Invocations
 14299 | D:12     | Noticed a two-headed ogre
 14305 | D:12     | Killed a two-headed ogre
 15261 | D:13     | Noticed a two-headed ogre
 15275 | D:13     | Killed a two-headed ogre
 15554 | D:13     | Reached skill level 5 in Maces & Flails
 15554 | D:13     | Reached skill level 12 in Invocations
 16233 | D:13     | Reached XP level 13. HP: 77/77 MP: 22/22
 16577 | Orc:1    | Entered Level 1 of the Orcish Mines
 17061 | D:11     | Reached skill level 13 in Invocations
 17161 | Orc:1    | Learned a level 4 spell: Summon Lightning Spire
 17439 | Orc:2    | Entered Level 2 of the Orcish Mines
 18064 | Orc:1    | Reached skill level 1 in Air Magic
 18086 | Orc:1    | Reached skill level 1 in Summonings
 18205 | Orc:2    | Paralysed by an orc sorcerer for 6 turns
 18210 | Orc:2    | HP: 3/77 [orc knight/+0 vorpal battleaxe (17)]
 18210 | Orc:2    | Slain by an orc knight

Levels and vault maps discovered:
D:1:      minmay_arrival_shattered_statue, layout_basic, minmay_pentomino_p4
D:2:      layout_rooms, nicolae_ru_great_annihilating_truth,
          nicolae_overflow_crystal_walls, chequers_ecumenical_altar_lobes,
          uniq_natasha, uniq_sigmund
D:3:      layout_loops_cross, first_ration, minivault_19, bloody_trog,
          uniq_crazy_yiuf_cottage
D:4:      layout_basic, serial_shops, shop, shop, shop, shop, shop,
          nicolae_ossuary_entry_giza
D:5:      layout_basic, lemuel_doored_altar, kennysheep_okawaru_gauntlet,
          minmay_temple_entry_glassed_door
D:6:      layout_rooms, grunt_temple_overflow_open, serial_undead,
          serial_undead_c, serial_undead_e, serial_undead_d, serial_undead_c,
          tgw_kikubaaqudgha
D:7:      layout_loops_corners, grunt_livestock, uniq_harold
D:8:      layout_gridville, serial_ice, serial_ice_b, serial_ice_j,
          serial_ice_e, serial_ice_c, serial_ice_n
D:9:      layout_basic, minmay_lair_entry_grove
D:10:     layout_gridville, nrook_mini_backslash, kennysheep_path_1
D:11:     layout_irregular_city, orc_0_dummy, minivault_10
D:12:     layout_loops_corners, st_stairs_4, chequers_serial_rivers_room_a,
          nicolae_twisting_strands, dk_noncrumbling_3
D:13:     layout_basic
Orc:1:    layout_caves, serial_shops, shop, library_closet,
          nicolae_orc_tapped_out
Orc:2:    st_orc_congregation, layout_caves

Skill      XL: |  1  2  3  4  5  6  7  8  9 10 11 12 13 |
---------------+----------------------------------------+-----
Polearms       | 3 4 5 6 7 8 9 |  9.9
Shields        | 4 5 6 7 8 9 10 | 10.2
Invocations    | 3 6 8 10 12 13 | 13.1
Dodging        | 5 6 7 |  7.7
Fighting       | 4 6 7 |  7.5
Maces & Flails | 6 7 |  7.5
Air Magic      | 1 |  1.1
Summonings     | 1 |  1.0

Action                   |  1- 3 |  4- 6 |  7- 9 | 10-12 | 13-15 || total
-------------------------+-------+-------+-------+-------+-------++-------
Melee: Trident           |    19 |       |       |    93 |       ||   112
       Tentacles         |     8 |    16 |   124 |   192 |    32 ||   372
       Spear             |    29 |    88 |   551 |   615 |       ||  1283
       Constrict         |     9 |    20 |   111 |    99 |    24 ||   263
       Eveningstar       |       |       |       |   173 |   106 ||   279
Invok: Recite            |       |       |       |    15 |     8 ||    23
       Vitalisation      |       |       |       |     7 |     6 ||    13
       Sanctuary         |       |       |       |       |     1 ||     1
 Abil: Evoke Berserk Rag |       |       |     2 |     8 |       ||    10
Evoke: Wand              |       |     2 |     5 |    16 |     5 ||    28
  Use: Scroll            |       |       |    10 |    14 |     5 ||    29
       Potion            |       |       |     1 |    17 |       ||    18
 Stab: Sleeping          |     6 |     4 |    26 |    18 |       ||    54
       Paralysed         |       |     1 |       |     2 |    10 ||    13
       Distracted        |       |       |     2 |     2 |       ||     4
       Invisible         |       |       |       |     7 |     4 ||    11
  Eat: Chunk             |       |     4 |    15 |    13 |       ||    32
       Ration            |       |       |       |     9 |     2 ||    11
Armor: Skin              |     3 |       |     9 |    17 |     4 ||    33
Dodge: Dodged            |     7 |    16 |   143 |   362 |    89 ||   617
Block: Kite shield       |    11 |    24 |   162 |   424 |   118 ||   739

Table legend:
 A = Non-vault XP
 B = Vault XP
 C = Vault XP percentage of total XP
 D = Non-vault monster count
 E = Vault monster count
 F = Vault count percentage of total count
                 A         B        C        D         E       F
            +---------+---------+-------+---------+---------+-------
      Total |   31652 |    7226 |  18.6 |     373 |     114 |  23.4
            +---------+---------+-------+---------+---------+-------
        D:1 |      41 |       7 |  14.6 |      19 |       3 |  13.6
        D:2 |     189 |     296 |  61.0 |      18 |       6 |  25.0
        D:3 |     302 |      42 |  12.2 |      23 |       1 |   4.2
        D:4 |     297 |      20 |   6.3 |      31 |       3 |   8.8
        D:5 |    1018 |       3 |   0.3 |      28 |       2 |   6.7
        D:6 |     546 |     381 |  41.1 |      22 |      14 |  38.9
        D:7 |     880 |    1937 |  68.8 |      29 |       6 |  17.1
        D:8 |     381 |    2129 |  84.8 |       6 |       8 |  57.1
        D:9 |    3175 |    1904 |  37.5 |      37 |      13 |  26.0
       D:10 |    2388 |       0 |   0.0 |      17 |       0 |   0.0
       D:11 |    5889 |       0 |   0.0 |      44 |       0 |   0.0
       D:12 |    6355 |     246 |   3.7 |      25 |       3 |  10.7
       D:13 |    7477 |       0 |   0.0 |      33 |       0 |   0.0
      Orc:1 |    2583 |       0 |   0.0 |      35 |       0 |   0.0
      Orc:2 |     131 |       0 |   0.0 |       6 |       0 |   0.0
    Ossuary |       0 |     261 | 100.0 |       0 |      55 | 100.0
            +---------+---------+-------+---------+---------+-------
